 Dungeon Crawl Stone Soup version 0.30.0-20-g3b4254fcbd (webtiles) character file.

Game seed: 9562171998624755019

42 Danienth the Magician (level 3, -6/28 HPs)
             Began as a Djinni Reaver on June 3, 2023.
             Mangled by a gnoll
             ... wielding a +0 flail
              (9 damage)
             ... on level 1 of the Dungeon.
             The game lasted 00:07:16 (801 turns).

Danienth the Magician (Djinni Reaver)                Turns: 801, Time: 00:07:17

Health: -6/28      AC:  3    Str: 11    XL:     3   Next: 77%
Gold:   44         EV: 12    Int: 14    God:
                   SH:  0    Dex: 13

rFire   + + .        a - +0 spear
rCold   x . .        (no shield)
rNeg    . . .        b - +0 leather armour
rPois   ∞            (no helmet)
rElec   .            (no cloak)
rCorr   .            (no gloves)
SInv    .            (boots unavailable)
Will    .....        (no amulet)
Stlth   +            d - ring of magical power
HPRegen 0.24/turn    (no ring)
MPRegen 0.00/turn

%: infuse magic (-7 HP)
@: immotile, flying
A: sickness immunity, fire resistance 2, cold vulnerability 1, float, innate
caster, HP casting, extra vitality 1
a: no special abilities


You were on level 1 of the Dungeon.
You visited 1 branch of the dungeon, and saw 2 of its levels.

You collected 44 gold pieces.

Inventory:

Hand Weapons
 a - a +0 spear (weapon)
Missiles
 f - 4 poisoned darts
Armour
 b - a +0 leather armour (worn)
 c - a +0 cloak
Jewellery
 d - a ring of magical power (left hand)
Scrolls
 e - a scroll of identify


   Skills:
 * Level 2.1 Fighting
 * Level 2.8 Polearms
 * Level 0.9 Armour
 * Level 2.4 Dodging
 * Level 0.4 Stealth
 * Level 2.8 Spellcasting


You knew the following spells:

 Your Spells              Type           Power      Damage    Failure   Level
a - Kiss of Death         Conj/Necr      36%        2d8       9%          1
b - Momentum Strike       Conj/Tloc      18%        3d8       14%         2
c - Hailstorm             Conj/Ice       9%         3d4       26%         3
d - Freeze                Ice            36%        1d5       9%          1
Your spell library was empty.

Dungeon Overview and Level Annotations

Branches:
Dungeon (2/15)

Altars:


Innate Abilities, Weirdness & Mutations

You are immune to sickness and miasma.
You are immune to poison.
Your flesh is very heat resistant. (rF++)
You are vulnerable to cold. (rC-)
You float through the air rather than walking.
You learn spells naturally, not from books.
Your magical power is your life essence.
You have superior vitality. (+4 MHP)


Message History

The ball python constricts you. The endoplasm freezes you.
You are frozen.
You feel a terrible chill! The rat barely misses you.
The gnoll barely misses you.
You are too injured to fight recklessly!
Casting: Freeze (safe; 9% risk of failure)
Confirm with . or Enter, or press ? or * to list all spells.
Aiming: Momentum Strike (safe; 14% risk of failure)
Press: ? - help, Dir - move target, f - endoplasm, p - gnoll
Aim: an endoplasm (97% to hit)
The concentrated momentum hits the endoplasm!
You kill the endoplasm!
You are unable to move.
The ball python bites you but does no damage.
The ball python constricts you. The gnoll hits you with a +0 flail.
* * * LOW HITPOINT WARNING * * *
The rat barely misses you.
The ball python bites you but does no damage.
The ball python constricts you.
Casting: Momentum Strike (safe; 14% risk of failure)
Confirm with . or Enter, or press ? or * to list all spells.
Aiming: Freeze (safe; 9% risk of failure)
Press: ? - help, Shift-Dir - straight line, f - ball python
Aim: a ball python (constricting you)
You freeze the ball python.
The ball python is severely wounded.
* * * LOW HITPOINT WARNING * * *
The rat closely misses you. The gnoll barely misses you.
The ball python bites you.
* * * LOW HITPOINT WARNING * * *
The ball python constricts you.
* * * LOW HITPOINT WARNING * * *
You aren't carrying any potions.
Okay, then.
You hit the ball python.
You kill the ball python!
The rat barely misses you. The gnoll barely misses you.
You hit the rat but do no damage. The rat closely misses you.
The gnoll hits you with a +0 flail!
You die...

..#.#####.#..#....###.#..........
..#...#...#...........#..÷.......
..###.#.####........###.#)#....).
......#.................#.#......
..##########..........###.#......
###..#.# #..............#......
#....#.# #♣.♣..........##......
..#.#..# #...).g.......###.....
......####♣#♣.♣#@r.##.#..# ##....
..P.#..##.....#.).....#..########
♣♣P.......♣.♣#♣.......#..........
..♣......................##......
...#.............................
P###........####..####...........
.....######## ##.## ##..........
.##### #..###..###...... ##
##..##.## #......


You could see a gnoll and a rat.

Vanquished Creatures
  2 gnolls (D:1)
  5 ball pythons (D:1)
  2 bats (D:1)
  2 endoplasms (D:1)
  3 giant cockroaches (D:1)
  A goblin (D:1)
  2 hobgoblins (D:1)
  2 kobolds (D:1)
19 creatures vanquished.

Notes
Turn   | Place    | Note
-------+----------+-------------------------------------------
     0 | D:1      | Danienth the Djinni Reaver began the quest for the Orb.
     0 | D:1      | Danienth set off with the following spells memorised: Kiss
                  | of Death, Momentum Strike, Hailstorm.
     0 | D:1      | Reached XP level 1. HP: 18/18 MP: 0/0
   120 | D:1      | Reached XP level 2. HP: 11/20 MP: 0/0
   458 | D:1      | Reached XP level 3. HP: 22/26 MP: 0/0
   458 | D:1      | Learned a level 1 spell: Freeze
   801 | D:1      | Mangled by a gnoll

Illustrated notes

Levels and vault maps discovered:
D:1:      spicycebolla_arrival_clurvy, layout_rooms, serial_forest,
          infiniplex_forest_straight_2, infiniplex_forest_lined_corner,
          infiniplex_forest_clump_small, infiniplex_forest_clump_long,
          infiniplex_forest_end_1, infiniplex_forest_clump_double,
          infiniplex_forest_end_2, minmay_misc_feat_ornament,
          hangedman_abyss_or_decor_stabs
D:2:      cheibrodos_helix_gallery, layout_basic, serial_shops,
          nicolae_shop_waterfront

Action                     || total
---------------------------++-------
  Melee: Spear             ||    87
   Cast: Kiss of Death     ||     1
         Freeze            ||     3
         Momentum Strike   ||     2
    Use: Scroll            ||     2
 Armour: Leather armour    ||    21
  Dodge: Dodged            ||    67
